 Dungeon Crawl Stone Soup version 0.30-a0-1074-g5db6f66fbb (webtiles) character file.

Game seed: 2776610135208488287

6 Arzdou the Caller (level 1, 0/13 HPs)
             Began as a Merfolk Summoner on Apr 13, 2023.
             Slain by a hobgoblin (4 damage)
             ... on level 1 of the Dungeon.
             The game lasted 00:00:37 (159 turns).

Arzdou the Caller (Merfolk Summoner)                 Turns: 159, Time: 00:00:38

Health: 0/13       AC:  2    Str:  8    XL:     1   Next: 90%
Magic:  1/3        EV: 12    Int: 14    God:
Gold:   0          SH:  0    Dex: 14    Spells: 3/4 levels left

rFire   . . .      SeeInvis .    (no weapon)
rCold   . . .      Faith    .    (no shield)
rNeg    . . .      Spirit   .    a - +0 robe
rPois   .          Reflect  .    (no helmet)
rElec   .          Rampage  .    (no cloak)
rCorr   .                        (no gloves)
Will    .....                    (no boots)
Stlth   ++                       (no amulet)
HPRegen 0.22/turn                (no ring)
MPRegen 0.08/turn                (no ring)

@: no status effects
A: (nimble swimmer 2), mertail
a: no special abilities


You were on level 1 of the Dungeon.
You visited 1 branch of the dungeon, and saw 1 of its levels.

Inventory:

Armour
 a - a +0 robe (worn)
Scrolls
 c - a scroll of identify {unknown}
Potions
 b - a potion of magic


   Skills:
 + Level 2.6 Dodging
 + Level 2.1 Stealth
 + Level 2.0 Spellcasting
 + Level 4.3 Summonings


You had 3 spell levels left.
You knew the following spells:

 Your Spells              Type           Power      Damage    Failure   Level
a - Summon Small Mammal   Summ           52%        N/A       4%          1

Your spell library contained the following spells:

 Spells                   Type           Power      Damage    Failure   Level
 Call Imp                 Summ           26%        N/A       6%          2
 Call Canine Familiar     Summ           13%        N/A       12%         3
 Summon Guardian Golem    Hex/Summ       7%         N/A       28%         3
 Summon Lightning Spire   Summ/Air       7%         N/A       67%         4


Dungeon Overview and Level Annotations

Branches:
Dungeon (1/15)

Altars:


Innate Abilities, Weirdness & Mutations

((You are very nimble when in or above water. (Stealth+, EV+, Speed+++)))
Your lower body shifts to a powerful aquatic tail in water.


Message History

Your quokka bites the endoplasm.
The endoplasm dies!
Something hits your quokka.
Your quokka dies!
Your quokka's corpse disappears in a puff of smoke!
The hobgoblin hits your quokka.
Your quokka closely misses the hobgoblin.
The quokka bites you. The hobgoblin hits your quokka.
Your quokka dies!
Your quokka's corpse disappears in a puff of smoke!
Your rat completely misses the quokka.
The quokka closely misses you. x2; Your rat closely misses the quokka.
The quokka closely misses you.
Your rat misses the quokka. The rat bites you.
The quokka completely misses you.
Your rat barely misses the quokka.
The rat bites you but does no damage. The quokka closely misses you.
The hobgoblin closely misses your rat.
Your rat barely misses the quokka.
The rat attacks as you move away! The rat bites you.
The quokka attacks as you move away! The quokka closely misses you.
The rat bites your rat but does no damage.
The hobgoblin barely misses your rat.
Your rat barely misses the quokka.
You see here 11 gold pieces.
You miscast Summon Small Mammal.
You are very lightly contaminated with residual magic.
Nothing appears to happen.
The quokka barely misses you. The rat bites your rat.
Your rat dies!
Your rat's corpse disappears in a puff of smoke!
The quokka closely misses you. The hobgoblin attacks as you move away!
The hobgoblin misses you. The quokka attacks as you move away!
The quokka completely misses you. The hobgoblin attacks as you move away!
The hobgoblin barely misses you. The hobgoblin attacks as you move away!
The hobgoblin hits you. The hobgoblin attacks as you move away!
The hobgoblin hits you.
* * * LOW HITPOINT WARNING * * *
The quokka bites you but does no damage.
Your magical contamination has completely faded away.
The hobgoblin attacks as you move away! The hobgoblin barely misses you.
The hobgoblin attacks as you move away! The hobgoblin hits you.
You die...

#.$......#
#........#
#........#
#........#
#........#
#....r...#
#........#
#....gr..#
#....@...#
#####.####
#.# #.# #.#
#.# #.# #.#
#.##########


You could see a quokka, a hobgoblin and a rat.

Vanquished Creatures (collateral kills)
  2 endoplasms (D:1)
  A goblin (D:1)
  A hobgoblin (D:1)
  A frilled lizard (D:1)
5 creatures vanquished.

Notes
Turn   | Place    | Note
-------+----------+-------------------------------------------
     0 | D:1      | Arzdou the Merfolk Summoner began the quest for the Orb.
     0 | D:1      | Reached XP level 1. HP: 13/13 MP: 3/3
   159 | D:1      | Slain by a hobgoblin

Illustrated notes

Levels and vault maps discovered:
D:1:      lightli_arrival_flooded_house, layout_rooms

Action                     || total
---------------------------++-------
  Melee: Unarmed           ||    14
   Cast: Summon Small Mamm ||     8
 Armour: Robe              ||     3
  Dodge: Dodged            ||    22

Table legend: (Time is in decaauts)
 A = Elapsed time spent in this place.
 B = Non-inter-level travel time spent in this place.
 C = Inter-level travel time spent in this place.
 D = Time resting spent in this place.
 E = Time spent auto-exploring this place.
 F = Levels seen in this place.
 G = Mean time per level.
                   A        B        C        D        E       F      G
               +--------+--------+--------+--------+--------+-----+--------+
         Total |    156 |    156 |      0 |      0 |     92 |   1 |  156.0 |
       Dungeon |    156 |    156 |      0 |      0 |     92 |   1 |  156.0 |
               +--------+--------+--------+--------+--------+-----+--------+

Top non-repeatable levels by time:
     D:1: 156 daAuts
